[Event "ICC tourney 2096 (40 10)"]
[Site "Internet Chess Club"]
[Date "2020.11.01"]
[Round "3"]
[White "ABecker755"]
[Black "ethansun188"]
[Result "0-1"]
[ICCResult "White checkmated"]
[WhiteElo "1206"]
[BlackElo "1060"]
[Opening "Ruy Lopez: exchange variation, 5.O-O"]
[ECO "C68"]
[NIC "RL.08"]
[Time "15:32:05"]
[TimeControl "2400+10"]

1. e4 e5 2. Nf3 Nc6 3. Bb5 a6 4. Bxc6 dxc6 5. O-O Bg4 6. d3 Bd6 7. b3 h6 8.
Bb2 Ne7 9. Nbd2 Ng6 10. Qe1 O-O 11. h3 Bxf3 12. Nxf3 Re8 13. Rd1 Qe7 14. Bc1
Rad8 15. c3 Bc5 16. Be3 Bxe3 17. Qxe3 Qe6 18. Rfe1 Rd7 19. d4 Red8 20. Rd2
Rd6 21. Red1 Re8 22. d5 cxd5 23. Rxd5 Red8 24. Qc5 Rxd5 25. Rxd5 Rxd5 26.
Qxd5 Qxd5 27. exd5 f6 28. g3 Kf7 29. Nd2 f5 30. f3 Ke7 31. c4 Kd6 32. b4 b5
33. Kf2 bxc4 34. Nxc4+ Kxd5 35. Ne3+ Ke6 36. Nc4 Ne7 37. Nb2 Nc6 38. a3 Kd5
39. Nd3 a5 40. b5 Nd4 41. a4 Nb3 42. Ke3 Nc5 43. Nxc5 Kxc5 44. g4 fxg4 45.
hxg4 Kb4 46. Kd3 g6 47. Kc2 h5 48. gxh5 gxh5 49. Kd3 h4 50. Ke2 Kxa4 51. Ke3
Kxb5 52. Ke4 h3 53. Kxe5 h2 54. f4 h1=Q 55. f5 a4 56. Kf6 a3 57. Kg7 a2 58.
f6 a1=Q 59. Kf7 Qh7+ 60. Ke6 Qa6+ 61. Ke5 Qh5+ 62. Kd4 Qa4+ 63. Kc3 Qh3+ 64.
Kb2 Qd4+ 65. Ka2 Qf2+ 66. Kb1 Qhf1# {White checkmated} 0-1

[Event "ICC tourney 2096 (40 10)"]
[Site "Internet Chess Club"]
[Date "2020.11.01"]
[Round "4"]
[White "LeoBerkson"]
[Black "awesomehead5"]
[Result "0-1"]
[ICCResult "White checkmated"]
[WhiteElo "968"]
[BlackElo "973"]
[Opening "Queen's pawn game"]
[ECO "A45"]
[NIC "QP.07"]
[Time "17:46:37"]
[TimeControl "2400+10"]

1. d4 Nf6 2. e4 Nxe4 3. Bd3 Nf6 4. f4 d5 5. Nf3 Bg4 6. h3 Bxf3 7. Qxf3 Nc6
8. O-O Nxd4 9. Qe3 Nc6 10. Nd2 e6 11. Nf3 b6 12. Qe1 Bc5+ 13. Kh1 O-O 14.
Ne5 Nd4 15. c3 Nf5 16. g4 Ne7 17. g5 Ne4 18. Bxe4 dxe4 19. Qxe4 Nf5 20. Nc6
Ng3+ 21. Kh2 Nxe4 22. Nxd8 Raxd8 23. h4 f6 24. Bd2 Rxd2+ 25. Kh1 Ng3#
{White checkmated}
0-1

[Event "ICC tourney 2096 (40 10)"]
[Site "Internet Chess Club"]
[Date "2020.11.01"]
[Round "4"]
[White "meahulm"]
[Black "PotatoBoi717"]
[Result "0-1"]
[ICCResult "White resigns"]
[WhiteElo "1139"]
[BlackElo "1279"]
[Opening "Sicilian: dragon, Yugoslav attack, Rauser variation"]
[ECO "B76"]
[NIC "SI.17"]
[Time "17:46:59"]
[TimeControl "2400+10"]

1. e4 c5 2. Nf3 d6 3. d4 cxd4 4. Nxd4 Nf6 5. Nc3 g6 6. Be3 Bg7 7. f3 O-O 8.
Qd2 Nc6 9. O-O-O d5 10. exd5 Nxd5 11. Nxd5 Qxd5 12. Nxc6 Qxd2+ 13. Rxd2 bxc6
14. Bc4 Rb8 15. Rhd1 Bxb2+ {White resigns} 0-1

[Event "ICC tourney 2096 (40 10)"]
[Site "Internet Chess Club"]
[Date "2020.11.01"]
[Round "4"]
[White "Sirichess"]
[Black "Eric0211"]
[Result "1-0"]
[ICCResult "Black resigns"]
[WhiteElo "1454"]
[BlackElo "1407"]
[Opening "Giuoco Pianissimo: Italian four knights variation"]
[ECO "C47"]
[NIC "KP.06"]
[Time "17:46:27"]
[TimeControl "2400+10"]

1. e4 e5 2. Nc3 Nc6 3. Nf3 Nf6 4. Bc4 Bc5 5. d3 h6 6. h3 d6 7. Be3 Bb6 8.
Bb3 O-O 9. O-O Be6 10. Nh2 Bxe3 11. fxe3 Qd7 12. Bxe6 Qxe6 13. a3 Rad8 14.
Qf3 Nh7 15. Nd5 Qd7 16. Qg3 Ne7 17. Nf6+ Nxf6 18. Rxf6 Kh7 19. Rf2 Ng6 20.
Raf1 Rde8 21. Nf3 Qe7 22. Nd2 Qe6 23. Nb3 b6 24. Rf3 f6 25. Re1 f5 26. exf5
Rxf5 27. Ref1 Ref8 28. Rxf5 Rxf5 29. Rxf5 Qxf5 30. Qf2 Qxf2+ 31. Kxf2 Ne7
32. d4 e4 33. Nd2 d5 34. Nb1 Kg6 35. Nc3 Kf6 36. Nb5 c6 37. Nxa7 Ke6 38. b4
Kd7 39. b5 Kc7 40. Nxc6 Nxc6 41. bxc6 Kxc6 42. Kg3 Kb5 43. Kf4 Kc4 44. Ke5
b5 45. h4 h5 46. g3 g6 47. Ke6 Kc3 48. Kxd5 Kxc2 49. Kxe4 Kb3 50. d5 Kxa3
51. d6 b4 52. d7 b3 53. d8=Q b2 54. Qa5+ Kb3 55. Qb5+ Kc2 56. Qxb2+ Kxb2 57.
Kd5 {Black resigns} 1-0

[Event "ICC tourney 2096 (40 10)"]
[Site "Internet Chess Club"]
[Date "2020.11.01"]
[Round "4"]
[White "TomGilmour"]
[Black "EricCheng-131"]
[Result "1-0"]
[ICCResult "Black checkmated"]
[WhiteElo "1279"]
[BlackElo "1090"]
[Opening "Scotch: Schmidt variation"]
[ECO "C45"]
[NIC "SO.04"]
[Time "17:46:39"]
[TimeControl "2400+10"]

1. e4 e5 2. Nf3 Nc6 3. d4 exd4 4. Nxd4 Nf6 5. Nc3 Bc5 6. Be3 Nxd4 7. Bxd4
Bb6 8. e5 Qe7 9. Be2 Ng8 10. O-O d6 11. exd6 Qxd6 12. Bxg7 Qg6 13. Bxh8 Bh3
14. g3 Bxf1 15. Bxf1 Qf5 16. Qe2+ Ne7 17. Rd1 f6 18. Nd5 Kf7 19. Qxe7+ Kg6
20. Qg7+ Kh5 21. Be2+ Qg4 22. Bxg4# {Black checkmated} 1-0

[Event "ICC tourney 2096 (40 10)"]
[Site "Internet Chess Club"]
[Date "2020.11.01"]
[Round "4"]
[White "MGrei"]
[Black "solveur"]
[Result "0-1"]
[ICCResult "White checkmated"]
[WhiteElo "1148"]
[BlackElo "1343"]
[Opening "Ruy Lopez: 5.O-O"]
[ECO "C78"]
[NIC "RL.12"]
[Time "17:46:59"]
[TimeControl "2400+10"]

1. e4 e5 2. Nf3 Nc6 3. Bb5 a6 4. Ba4 Nf6 5. O-O b5 6. Bb3 Bc5 7. Re1 d6 8.
c3 Bb6 9. d4 O-O 10. Bg5 h6 11. Bh4 exd4 12. cxd4 Bb7 13. Nc3 Re8 14. e5
dxe5 15. dxe5 g5 16. Bg3 Qxd1 17. Raxd1 Nh5 18. Bd5 Nxg3 19. hxg3 Rad8 20.
Bxc6 Bxc6 21. Ne2 Rxd1 22. Rxd1 Bxf3 23. gxf3 Rxe5 24. Nc3 Kg7 25. a3 h5 26.
Ne4 h4 27. g4 Kg6 28. Rd8 f6 29. Rf8 Re6 30. Ra8 Rc6 31. Kg2 Bd4 32. b4 Bb2
33. Nc5 Bxa3 34. Rxa6 Rxa6 35. Nxa6 c6 36. Kh3 f5 37. Kg2 fxg4 38. fxg4 Kf6
39. Kf3 Ke5 40. Ke3 Bc1+ 41. Kd3 Kf4 42. Nb8 h3 43. Nxc6 h2 44. Nd4 h1=Q 45.
Ne2+ Kxg4 46. Ng3 Qf3+ 47. Kc2 Qxf2+ 48. Kd3 Kxg3 49. Kc3 Qd2+ 50. Kb3 Qc2+
51. Kxc2 Be3 52. Kd3 Kf3 53. Kc2 g4 54. Kd1 g3 55. Ke1 g2 56. Kd1 g1=Q+ 57.
Kc2 Qc1+ 58. Kd3 Qd2# {White checkmated} 0-1

[Event "ICC tourney 2096 (40 10)"]
[Site "Internet Chess Club"]
[Date "2020.11.01"]
[Round "4"]
[White "DaveGriffin"]
[Black "Graveytrain06"]
[Result "1-0"]
[ICCResult "Black checkmated"]
[WhiteElo "1169"]
[BlackElo "876"]
[Opening "Philidor: Nimzovich, Klein variation"]
[ECO "C41"]
[NIC "KP.10"]
[Time "17:47:18"]
[TimeControl "2400+10"]

1. e4 e5 2. Nf3 d6 3. Bc4 Nf6 4. d4 exd4 5. Qxd4 Nc6 6. Qd3 Nb4 7. Qb3 d5 8.
exd5 Qe7+ 9. Be3 Bf5 10. Nd4 Be4 11. O-O Ng4 12. d6 cxd6 13. Qxb4 Nxe3 14.
fxe3 d5 15. Bb5+ Kd8 16. Qa5+ b6 17. Nc6+ Kc7 18. Nxe7 bxa5 19. Bc6 Rb8 20.
Bxd5 Bxe7 21. Bxe4 Rxb2 22. Nc3 Bc5 23. Rxf7+ Kd6 24. Rd1+ Ke6 25. Bd5+ Ke5
26. Kh1 Rxc2 27. Ne4 Bxe3 28. Re7+ Kf5 29. Rf1+ Kg6 30. Bf7+ Kh6 31. Ng3 Bd2
32. Nf5+ Kg5 33. Nxg7 Rhc8 34. Ne6+ Kh6 35. Rf6# {Black checkmated} 1-0

[Event "ICC tourney 2096 (40 10)"]
[Site "Internet Chess Club"]
[Date "2020.11.01"]
[Round "4"]
[White "charlestxie"]
[Black "inbha"]
[Result "1-0"]
[ICCResult "Black checkmated"]
[WhiteElo "1346"]
[BlackElo "1255"]
[Opening "King's Indian: Makagonov system (5.h3)"]
[ECO "E71"]
[NIC "KI.20"]
[Time "17:46:25"]
[TimeControl "2400+10"]

1. d4 Nf6 2. c4 g6 3. Nc3 Bg7 4. e4 d6 5. h3 O-O 6. Nf3 Nbd7 7. Bd3 e5 8. d5
Nc5 9. Be3 Nxd3+ 10. Qxd3 Bd7 11. O-O Qe7 12. Qd2 a6 13. a4 Rfe8 14. Bh6 Nh5
15. Bxg7 Kxg7 16. Ne2 f5 17. exf5 Bxf5 18. g4 e4 19. Nfd4 Bd7 20. gxh5 Bxh3
21. h6+ Kg8 22. Rfe1 e3 23. Qxe3 Qd7 24. Qg3 Re4 25. f3 Re5 26. Nf4 Rf8 27.
Qxh3 Rg5+ 28. Kh2 Qxh3+ 29. Nxh3 Rh5 30. Re7 Rxh6 31. Rae1 Rf4 32. R1e4 Rfh4
33. Rxh4 Rxh4 34. Re4 Rh5 35. Kg3 Kf7 36. Rh4 Rxh4 37. Kxh4 h6 38. Kg4 Kf6
39. f4 b6 40. Ne6 c6 41. Nc7 cxd5 42. Nxd5+ Ke6 43. Nxb6 a5 44. Kf3 Kf5 45.
Nc8 Ke6 46. Ke4 Kd7 47. Na7 Ke6 48. Nc6 Kd7 49. Nxa5 Kc7 50. Kd5 Kd7 51. c5
dxc5 52. Kxc5 Kc7 53. b4 h5 54. b5 h4 55. b6+ Kb8 56. Kc6 Kc8 57. Nc4 Kb8
58. a5 Ka8 59. a6 Kb8 60. a7+ Ka8 61. b7+ Kxa7 62. Kc7 Ka6 63. b8=Q g5 64.
Ne5 gxf4 65. Qb6# {Black checkmated} 1-0

[Event "ICC tourney 2096 (40 10)"]
[Site "Internet Chess Club"]
[Date "2020.11.01"]
[Round "4"]
[White "Gnanathan"]
[Black "chessdoc13"]
[Result "1/2-1/2"]
[ICCResult "Game drawn by mutual agreement"]
[WhiteElo "1080"]
[BlackElo "1175"]
[Opening "French defense"]
[ECO "C00"]
[NIC "FR.01"]
[Time "17:46:38"]
[TimeControl "2400+10"]

1. e4 e6 2. Nf3 d5 3. exd5 exd5 4. d4 Bd6 5. c4 c5 6. cxd5 Ne7 7. Bc4 Bg4 8.
Qa4+ Bd7 9. Bb5 Nxd5 10. dxc5 Qe7+ 11. Kd2 Bf4+ 12. Kc2 Qxc5+ 13. Nc3 Bxb5
14. Qxb5+ Qxb5 15. Nxb5 O-O 16. Bxf4 Rc8+ 17. Kd2 Nxf4 18. Rhe1 Na6 19. g3
Rd8+ 20. Ke3 Ng2+ 21. Ke2 Re8+ 22. Kf1 Nxe1 23. Nxe1 Re7 24. Rd1 Nc5 25.
Nxa7 g6 26. Nb5 Rxa2 27. Rd5 Nb3 28. Nd3 Nd2+ 29. Kg2 Nc4 30. Rd4 Ne5 31.
Re4 f6 32. Nc3 Ra5 33. b4 Ra3 34. Nd5 Re6 35. Nxf6+ Rxf6 36. Nxe5 Ra2 37.
Ng4 Rf8 38. Re7 Kh8 39. Rxb7 h5 40. Nh6 Raxf2+ 41. Kh3 g5 42. b5 g4+ 43. Kh4
R2f6 44. Kg5 Rf2 45. Kxh5 Rxh2+ 46. Kg5 Rh3 47. Nf7+ Kg8 48. Nh6+ Kh8 49.
Nxg4 Rxg3 50. Kh4 Rg1 51. b6 Rf4 52. Rb8+ Kg7 53. b7 Rgxg4+ 54. Kh3 Rh4+ 55.
Kg3 {Game drawn by mutual agreement} 1/2-1/2

[Event "ICC tourney 2096 (40 10)"]
[Site "Internet Chess Club"]
[Date "2020.11.01"]
[Round "4"]
[White "amdink"]
[Black "danielfan"]
[Result "0-1"]
[ICCResult "White checkmated"]
[WhiteElo "1330"]
[BlackElo "612"]
[Opening "Two knights defense"]
[ECO "C59"]
[NIC "KP.01"]
[Time "17:46:33"]
[TimeControl "2400+10"]

1. e4 e5 2. Nf3 Nc6 3. Bc4 Nf6 4. Ng5 d5 5. exd5 Na5 6. Bb5+ c6 7. dxc6 bxc6
8. Be2 Bc5 9. O-O O-O 10. d3 h6 11. Nf3 Re8 12. Nc3 Bg4 13. a3 Bb6 14. h3
Bxf3 15. Bxf3 Rc8 16. b4 Nb7 17. b5 Na5 18. bxc6 Nxc6 19. a4 Bd4 20. Qd2
Bxc3 21. Qxc3 Nd4 22. Qd2 Nxf3+ 23. gxf3 Nh5 24. Qb4 a5 25. Qg4 Nf6 26. Qg3
Kh8 27. Kh2 Qd6 28. Rg1 Rg8 29. Qh4 e4+ 30. Kh1 h5 31. fxe4 Rxc2 32. Bf4 Qd4
33. Rg2 Qxa1+ 34. Rg1 Qxa4 35. e5 Nh7 36. Bg5 Qxh4 37. Bxh4 a4 38. d4 Rb2
39. d5 a3 40. d6 a2 41. d7 Rb1 42. d8=Q Rxd8 43. Bxd8 Rxg1+ 44. Kxg1 a1=Q+
45. Kg2 g5 46. f4 gxf4 47. h4 Qe1 48. Kh2 Qf2+ 49. Kh1 f3 50. e6 Qg2#
{White checkmated}
0-1

[Event "ICC tourney 2096 (40 10)"]
[Site "Internet Chess Club"]
[Date "2020.11.01"]
[Round "4"]
[White "lerui"]
[Black "ABecker755"]
[Result "1-0"]
[ICCResult "Black checkmated"]
[WhiteElo "1165"]
[BlackElo "1192"]
[Opening "French: exchange variation"]
[ECO "C01"]
[NIC "FR.01"]
[Time "17:47:18"]
[TimeControl "2400+10"]

1. e4 e6 2. d4 d5 3. exd5 exd5 4. Bd3 Nc6 5. c3 Nf6 6. Nf3 Bd6 7. O-O O-O 8.
h3 Re8 9. Be3 Ne4 10. Nbd2 Bf5 11. Re1 Nxd2 12. Qxd2 Bxd3 13. Qxd3 Be7 14.
Bf4 Bf6 15. Rxe8+ Qxe8 16. Bxc7 Qe4 17. Qxe4 dxe4 18. Nd2 Re8 19. Re1 Bg5
20. Rxe4 Rxe4 21. Nxe4 Bc1 22. b3 Bb2 23. d5 Ne7 24. d6 Nc6 25. d7 f5 26.
Nc5 Bxc3 27. Nxb7 Bf6 28. d8=Q+ Nxd8 29. Bxd8 Bxd8 30. Nxd8 Kf8 31. Nc6 Kf7
32. Nxa7 Ke6 33. Kf1 Kd6 34. Nb5+ Kc5 35. Nc3 Kb4 36. Nb1 g5 37. Ke2 Kc5 38.
Kd3 Kd5 39. b4 h5 40. a4 h4 41. Nc3+ Kc6 42. Kc4 g4 43. Ne2 Kd6 44. b5 Ke5
45. b6 f4 46. b7 Ke4 47. b8=Q g3 48. Qe8+ Kf5 49. Nd4+ Kg5 50. Qg8+ Kf6 51.
Qe6+ Kg5 52. Qf5+ Kh6 53. Ne6 gxf2 54. Qg5+ Kh7 55. Qg7# {Black checkmated}
1-0

[Event "ICC tourney 2096 (40 10)"]
[Site "Internet Chess Club"]
[Date "2020.11.01"]
[Round "4"]
[White "niftyfountain"]
[Black "haarim"]
[Result "0-1"]
[ICCResult "White resigns"]
[WhiteElo "1385"]
[BlackElo "1461"]
[Opening "French: Tarrasch, closed variation, main line"]
[ECO "C06"]
[NIC "FR.17"]
[Time "17:46:54"]
[TimeControl "2400+10"]

1. e4 e6 2. d4 d5 3. Nd2 Nf6 4. e5 Nfd7 5. Bd3 c5 6. c3 Nc6 7. Ne2 cxd4 8.
cxd4 f6 9. exf6 Nxf6 10. O-O Bd6 11. Nf3 O-O 12. Re1 Bd7 13. Bf4 Bxf4 14.
Nxf4 Ne4 15. Ne2 Nd6 16. Qd2 Rc8 17. Rac1 Qa5 18. Qxa5 Nxa5 19. b3 h6 20. h3
Bb5 21. Bxb5 Nxb5 22. Nf4 Rxc1 23. Rxc1 Rxf4 24. Rc5 Nxb3 25. Rxb5 Nxd4 26.
Nxd4 Rxd4 27. Rxb7 Ra4 28. Re7 Ra6 29. Kf1 Kh7 30. g3 Kg6 31. Kg2 Kf6 32.
Re8 Rxa2 33. Rf8+ Ke5 34. Rg8 Kf6 35. Rf8+ Ke7 36. Rg8 Kf7 37. Ra8 a5 38.
Ra7+ Kf6 39. Ra6 a4 40. Ra7 a3 41. Ra4 Ke5 42. h4 d4 43. Ra5+ Ke4 44. Ra7 d3
45. Ra4+ Kd5 46. Ra5+ Kc4 47. Ra4+ Kb3 48. Ra8 d2 49. Rd8 Kc2 50. Rc8+ Kb1
51. Rb8+ Rb2 {White resigns} 0-1

[Event "ICC tourney 2096 (40 10)"]
[Site "Internet Chess Club"]
[Date "2020.11.01"]
[Round "4"]
[White "BulbasaurMaster"]
[Black "smartgoldfish"]
[Result "1-0"]
[ICCResult "Black checkmated"]
[WhiteElo "1467"]
[BlackElo "206"]
[Opening "Four knights: Spanish variation"]
[ECO "C48"]
[NIC "KP.03"]
[Time "17:47:02"]
[TimeControl "2400+10"]

1. e4 e5 2. Nf3 Nc6 3. Nc3 Nf6 4. Bb5 d6 5. d4 exd4 6. Nxd4 Bd7 7. Bxc6 Bxc6
8. Nxc6 bxc6 9. O-O Be7 10. Bf4 O-O 11. Re1 d5 12. exd5 cxd5 13. Nb5 c6 14.
Nd4 Rc8 15. Nf5 Bc5 16. Qf3 Ne4 17. Be3 Bxe3 18. Rxe3 Qf6 19. Rd1 Rfe8 20.
Nd4 Qxf3 21. Rxf3 h6 22. h3 Ng5 23. Rg3 Ne6 24. Nf5 Kf8 25. Nd6 Nf4 26. Rf3
Nh5 27. Nxc8 Rxc8 28. Ra3 Rc7 29. Rd4 Rb7 30. Rb3 Rxb3 31. axb3 Ke7 32. Ra4
Ke6 33. Rxa7 Nf6 34. Ra6 Kd6 35. b4 Kc7 36. Ra7+ Kb6 37. Rxf7 Ne4 38. Rxg7
Kb5 39. c3 Kc4 40. Rg6 Kb3 41. Rxh6 Kxb2 42. Rxc6 Nxc3 43. Rc5 Kb3 44. b5
Nxb5 45. Rxb5+ Kc4 46. Rxd5 Kxd5 47. g4 Ke5 48. Kg2 Kf4 49. f3 Kg5 50. Kg3
Kf6 51. h4 Kg6 52. Kf4 Kf6 53. h5 Kg7 54. Kg5 Kf7 55. h6 Kg8 56. f4 Kh7 57.
f5 Kg8 58. Kg6 Kh8 59. g5 Kg8 60. h7+ Kh8 61. Kf7 Kxh7 62. g6+ Kh8 63. g7+
Kh7 64. g8=Q+ Kh6 65. Qg6# {Black checkmated} 1-0

[Event "ICC tourney 2096 (40 10)"]
[Site "Internet Chess Club"]
[Date "2020.11.01"]
[Round "4"]
[White "Dobralov"]
[Black "bsarvagnya"]
[Result "0-1"]
[ICCResult "White resigns"]
[WhiteElo "1436"]
[BlackElo "1238"]
[Opening "King's knight's gambit"]
[ECO "C34"]
[NIC "KG.02"]
[Time "17:47:18"]
[TimeControl "2400+10"]

1. e4 e5 2. f4 exf4 3. Nf3 Nc6 4. Bc4 Bc5 5. d4 Bb4+ 6. c3 Be7 7. Bxf4 Nf6
8. Nbd2 d5 9. exd5 Nxd5 10. Be5 Nxe5 11. Nxe5 O-O 12. Qf3 Be6 13. O-O Bg5
14. Qd3 Ne3 15. Rf3 Nxc4 16. Ndxc4 Bxc4 17. Qxc4 Qe7 18. Raf1 Bf6 19. Re1 c6
20. Qd3 Rad8 21. Rh3 g6 22. Qd2 Bxe5 23. Qh6 Bxd4+ {White resigns} 0-1

[Event "ICC tourney 2096 (40 10)"]
[Site "Internet Chess Club"]
[Date "2020.11.01"]
[Round "4"]
[White "LOCHAR"]
[Black "lucachesschess"]
[Result "0-1"]
[ICCResult "White resigns"]
[WhiteElo "1397"]
[BlackElo "1337"]
[Opening "English, 1...Nf6 (Anglo-Indian defense)"]
[ECO "A15"]
[NIC "EO.64"]
[Time "17:46:26"]
[TimeControl "2400+10"]

1. c4 Nf6 2. g3 g6 3. Nc3 Bg7 4. Bg2 c6 5. d4 d5 6. cxd5 cxd5 7. Qb3 e6 8.
Nf3 O-O 9. Bg5 Nc6 10. O-O h6 11. Bxf6 Qxf6 12. e3 b6 13. Qa4 Bb7 14. Rac1
Rac8 15. Rfe1 Qe7 16. Bf1 f5 17. Nd2 g5 18. f4 gxf4 19. gxf4 Qh4 20. Re2 e5
21. dxe5 d4 22. Nb5 dxe3 23. Qb3+ Kh7 24. Qxe3 Rcd8 25. Nd6 Rxd6 26. Nf3 Qe7
27. exd6 Qxd6 28. Rd2 Qf6 29. Bg2 Rd8 30. Rxd8 Qxd8 31. Ne5 Nxe5 32. Bxb7
Ng4 33. Qf3 Qd4+ 34. Kh1 Qd2 {White resigns} 0-1

[Event "ICC tourney 2096 (40 10)"]
[Site "Internet Chess Club"]
[Date "2020.11.01"]
[Round "4"]
[White "adma2028"]
[Black "Mannansh"]
[Result "1-0"]
[ICCResult "Black forfeits on time"]
[WhiteElo "1424"]
[BlackElo "1172"]
[Opening "King's Indian: London system"]
[ECO "A45"]
[NIC "QP.03"]
[Time "17:46:28"]
[TimeControl "2400+10"]

1. d4 Nf6 2. Bf4 g6 3. Nf3 Bg7 4. e3 O-O 5. Bd3 d6 6. h4 h5 7. Nbd2 Nc6 8.
c3 e5 9. Bg5 Qe8 10. Bxf6 Bxf6 11. d5 Nb8 12. e4 c6 13. c4 Na6 14. a3 Nc5
15. Be2 cxd5 16. cxd5 Qa4 17. Qxa4 Nxa4 18. Nc4 Be7 19. Nfd2 Bd7 20. b4 Rac8
21. g3 Bb5 22. Nxd6 Bxd6 23. Bxb5 Nc3 24. Be2 Nxe2 25. Kxe2 Rc2 26. Rhc1
Rfc8 27. Rxc2 Rxc2 28. Kd1 Rc3 29. Nf1 b6 30. Ne3 a5 31. Kd2 axb4 32. axb4
Rb3 33. Nc2 Bxb4+ 34. Nxb4 Rxb4 35. Kd3 Kg7 36. f4 Kf6 37. Rc1 Rb3+ 38. Rc3
{Black forfeits on time}
1-0

[Event "ICC tourney 2096 (40 10)"]
[Site "Internet Chess Club"]
[Date "2020.11.01"]
[Round "4"]
[White "aec7r3b"]
[Black "ethansun188"]
[Result "0-1"]
[ICCResult "White checkmated"]
[WhiteElo "1337"]
[BlackElo "1060"]
[Opening "Ruy Lopez: closed, Averbach variation"]
[ECO "C79"]
[NIC "RL.16"]
[Time "17:46:31"]
[TimeControl "2400+10"]

1. e4 e5 2. Nf3 Nc6 3. Bb5 a6 4. Ba4 Nf6 5. O-O d6 6. Re1 Be7 7. c3 O-O 8.
h3 Bd7 9. d4 b5 10. Bc2 Re8 11. Nbd2 Bf8 12. Nf1 Rb8 13. Ng3 a5 14. Bg5 h6
15. dxe5 Nxe5 16. Nxe5 Rxe5 17. f4 Re8 18. Bxf6 Qxf6 19. Qf3 Bc6 20. Nh5 Qe7
21. Qd3 g6 22. Ng3 Rbd8 23. f5 Qe5 24. Bb3 g5 25. Re3 d5 26. Qe2 Bc5 27. Re1
Qxg3 28. Kh1 Bxe3 29. Qxe3 Qxe3 30. Rxe3 Rxe4 31. Rd3 a4 32. Bc2 Re1+ 33.
Kh2 Re2 34. Bd1 Rxb2 35. a3 d4 36. cxd4 Rxg2+ 37. Kh1 Rd2+ 38. Kg1 Rxd3 39.
Be2 Rxa3 40. Bg4 Rg3+ 41. Kh2 Rxg4 42. hxg4 a3 43. Kg3 a2 44. Kf2 a1=Q 45.
Ke3 Qxd4+ 46. Ke2 Re8+ 47. Kf1 Qd1+ 48. Kf2 Qf3+ 49. Kg1 Qg2# {White
checkmated} 0-1

[Event "ICC tourney 2096 (40 10)"]
[Site "Internet Chess Club"]
[Date "2020.11.01"]
[Round "5"]
[White "Eric0211"]
[Black "TomGilmour"]
[Result "1-0"]
[ICCResult "Black checkmated"]
[WhiteElo "1425"]
[BlackElo "1247"]
[Opening "Sicilian: O'Kelly variation"]
[ECO "B28"]
[NIC "SI.43"]
[Time "20:02:57"]
[TimeControl "2400+10"]

1. e4 c5 2. Nf3 a6 3. d4 cxd4 4. Nxd4 Nf6 5. Nc3 e5 6. Nf3 Bb4 7. Bd2 d6 8.
Bc4 Qc7 9. Bb3 Bxc3 10. Bxc3 O-O 11. Qd3 b5 12. O-O Bb7 13. Rfe1 Nbd7 14.
Rad1 Nc5 15. Qxd6 Qxd6 16. Rxd6 Nfxe4 17. Rdd1 Nxc3 18. bxc3 Bxf3 19. gxf3
Rfe8 20. Bd5 Rac8 21. Re3 a5 22. Rb1 Na4 23. Rxb5 Nxc3 24. Rxa5 Nxd5 25.
Rxd5 Rxc2 26. Rdxe5 Rxe5 27. Rxe5 f6 28. Ra5 Kf7 29. Ra8 Kg6 30. a4 Kg5 31.
a5 Kf4 32. Kg2 g5 33. a6 h5 34. Rf8 f5 35. a7 Ra2 36. a8=Q Rxa8 37. Rxa8 g4
38. Ra4+ Kg5 39. f4+ Kh4 40. f3 gxf3+ 41. Kxf3 Kh3 42. Ra5 Kxh2 43. Rxf5 h4
44. Rh5 h3 45. Rxh3+ Kxh3 46. f5 Kh4 47. f6 Kg5 48. f7 Kg6 49. f8=Q Kh7 50.
Qf7+ Kh8 51. Qf4 Kh7 52. Qg5 Kh8 53. Kf4 Kh7 54. Kf5 Kh8 55. Kf6 Kh7 56.
Qg7# {Black checkmated} 1-0

[Event "ICC tourney 2096 (40 10)"]
[Site "Internet Chess Club"]
[Date "2020.11.01"]
[Round "5"]
[White "smartgoldfish"]
[Black "MGrei"]
[Result "1-0"]
[ICCResult "Black resigns"]
[WhiteElo "384"]
[BlackElo "1103"]
[Opening "Sicilian: accelerated fianchetto, modern variation with Bc4"]
[ECO "B35"]
[NIC "SI.33"]
[Time "20:02:54"]
[TimeControl "2400+10"]

1. e4 c5 2. Nf3 Nc6 3. d4 cxd4 4. Nxd4 g6 5. Nc3 Bg7 6. Be3 Nf6 7. Bc4 O-O
8. O-O Nxe4 9. Bxf7+ Rxf7 10. Nxe4 Qc7 11. Ng5 Rf8 12. c3 e5 13. Qb3+ Kh8
14. Nf7+ Rxf7 15. Qxf7 Qd8 16. Nb5 e4 17. Nc7 Ne5 18. Qe8+ Qxe8 19. Nxe8 Nc4
20. Nxg7 Kxg7 21. Bd4+ Kf7 22. b4 d5 23. f3 Ke6 24. fxe4 dxe4 25. Rf6+ Ke7
26. Raf1 Be6 27. Bc5+ Kd7 28. Rd1+ Kc6 29. Rxe6+ {Black resigns} 1-0

[Event "ICC tourney 2096 (40 10)"]
[Site "Internet Chess Club"]
[Date "2020.11.01"]
[Round "5"]
[White "amdink"]
[Black "Gnanathan"]
[Result "1-0"]
[ICCResult "Black resigns"]
[WhiteElo "1336"]
[BlackElo "1074"]
[Opening "Sicilian: Cortlever (Alatortsev) variation"]
[ECO "B53"]
[NIC "SI.01"]
[Time "20:02:54"]
[TimeControl "2400+10"]

1. e4 c5 2. Nf3 d6 3. d4 Nf6 4. Nc3 g6 5. dxc5 dxc5 6. Qxd8+ Kxd8 7. Bc4 Ke8
8. Be3 Bg7 9. O-O-O Bg4 10. Bxc5 Nc6 11. h3 Bxf3 12. gxf3 Ne5 13. Bb5+ Kf8
14. f4 Nf3 15. e5 Nh5 16. Bxa7 Nxf4 17. Be3 Bxe5 18. Kb1 Bxc3 19. Bxf4 Be5
20. Bh6+ Bg7 21. Bxg7+ Kxg7 22. Rd7 Ra5 23. Be2 Ne5 24. Rxb7 Nc6 25. Rc7 Nb4
26. Rxe7 Rxa2 27. Bc4 Ra4 28. Rxf7+ Kh6 29. Bb3 Ra5 30. Re1 Rha8 31. Kc1
Ra1+ 32. Kd2 Rd8+ 33. Kc3 Rxe1 34. Kxb4 Re4+ 35. c4 Rb8+ 36. Kc3 Re6 37. Bc2
Rc6 38. b4 Rbc8 39. c5 Rb8 40. Be4 Rcc8 41. c6 Rb5 42. Rd7 Re5 43. f3 Rh5
44. c7 Re5 45. Bb7 Rxc7+ 46. Rxc7 Re3+ 47. Kd2 Rxf3 48. Bxf3 {Black resigns}
1-0

[Event "ICC tourney 2096 (40 10)"]
[Site "Internet Chess Club"]
[Date "2020.11.01"]
[Round "5"]
[White "awesomehead5"]
[Black "allenfan"]
[Result "1-0"]
[ICCResult "Black checkmated"]
[WhiteElo "941"]
[BlackElo "311"]
[Opening "Four knights: Italian variation"]
[ECO "C55"]
[NIC "IG.01"]
[Time "20:03:00"]
[TimeControl "2400+10"]

1. e4 e5 2. Nf3 Nc6 3. Bc4 Nf6 4. Nc3 Nxe4 5. Nxe4 d5 6. Bxd5 Qxd5 7. Nc3
Qd8 8. O-O Bg4 9. h3 Bh5 10. g4 Bg6 11. Qe2 Bd6 12. d3 O-O 13. Bg5 f6 14.
Bh4 Nd4 15. Nxd4 exd4 16. Nb5 c6 17. Nxd4 Bb8 18. Ne6 Qd6 19. Bg3 Qe7 20.
Rae1 Re8 21. Bxb8 Raxb8 22. f4 f5 23. Nd4 Qc5 24. Qf2 Rxe1 25. Rxe1 Rd8 26.
Ne6 Qxf2+ 27. Kxf2 Re8 28. Re5 Bf7 29. gxf5 g6 30. Ng5 Rxe5 31. fxe5 gxf5
32. Nxf7 Kxf7 33. Kf3 Ke6 34. Kf4 a5 35. d4 Kd5 36. Kxf5 b5 37. e6 Kd6 38.
Kf6 a4 39. e7 Kd7 40. Kf7 c5 41. e8=Q+ Kd6 42. dxc5+ Kxc5 43. b3 a3 44. c4
Kb4 45. Qe7+ Ka5 46. cxb5 Kxb5 47. Qxa3 h6 48. Qa4+ Kc5 49. Qa6 Kd5 50. Qc4+
Kd6 51. Qb5 Kc7 52. Qa6 Kb8 53. Ke7 Kc7 54. Qd6+ Kc8 55. Qd7+ Kb8 56. Kd6
Ka8 57. Kc6 Kb8 58. Qb7# {Black checkmated} 1-0

[Event "ICC tourney 2096 (40 10)"]
[Site "Internet Chess Club"]
[Date "2020.11.01"]
[Round "5"]
[White "solveur"]
[Black "Dobralov"]
[Result "0-1"]
[ICCResult "White resigns"]
[WhiteElo "1316"]
[BlackElo "1442"]
[Opening "Benkö gambit: main line"]
[ECO "A58"]
[NIC "BI.45"]
[Time "20:02:57"]
[TimeControl "2400+10"]

1. d4 Nf6 2. c4 c5 3. d5 b5 4. cxb5 a6 5. bxa6 Bxa6 6. Nc3 d6 7. Nf3 g6 8.
e4 Bxf1 9. Kxf1 Bg7 10. g3 O-O 11. Kg2 Nbd7 12. Be3 Ng4 13. Qd2 Qa5 14. h3
Nxe3+ 15. Qxe3 Rfb8 16. Rab1 Rb7 17. a3 Rab8 18. Nd2 Qa6 19. h4 Rxb2 20. h5
Bd4 21. Qh6 Bxc3 22. hxg6 hxg6 23. Rxb2 Rxb2 24. e5 Bxe5 25. Qh7+ Kf8 26.
Ne4 Qe2 27. Rh4 Rb1 28. Nd2 Qxd2 29. Rf4 Qxd5+ 30. Rf3 {White resigns} 0-1